 Dungeon Crawl Stone Soup version 0.29.1-12-g30fa7ad0bf (webtiles) character file.

Game seed: 8333116969171923443

14775 DildoBatman the Blocker (level 12, 0/93 HPs)
             Began as a Formicid Conjurer on Dec 27, 2022.
             Was a Believer of Kikubaaqudgha.
             Slain by a four-headed hydra (11 damage)
             ... on level 12 of the Dungeon.
             The game lasted 00:34:57 (10510 turns).

DildoBatman the Blocker (Formicid Conjurer)        Turns: 10510, Time: 00:34:58

Health: 0/93       AC:  7    Str: 17    XL:     12   Next: 49%
Magic:  20/22      EV: 15    Int: 35    God:    Kikubaaqudgha [**....]
Gold:   663        SH: 13    Dex: 19    Spells: 19/25 levels left

rFire   . . .      SeeInvis +   a - +10 arbalest "Kucenlie" {penet, rC- Int+2 Dex+9}
rCold   . . .      Faith    .   E - +0 kite shield "Golonot" {Drain +Blink Str+4 Int+4}
rNeg    . . .      Spirit   .   y - +2 robe of Xom's Hope {rC+ Int+7 Dex-2 SInv}
rPois   .          Reflect  .   (helmet unavailable)
rElec   .          Harm     .   T - +0 cloak {Will+}
rCorr   +          Rampage  .   (no gloves)
Will    ++...                   N - +0 pair of boots
Stlth   ++........              r - amulet of Vitality {RegenMP++ Regen++}
HPRegen 1.85/turn               n - ring of wizardry
MPRegen 0.98/turn               V - ring of resist corrosion

@: no status effects
A: permanent stasis, dig shafts and tunnels, antennae 3, four strong arms
a: Dig, Shaft Self, Renounce Religion, Unearth Wretches


You were on level 12 of the Dungeon.
You worshipped Kikubaaqudgha.
Kikubaaqudgha was pleased with you.
You visited 2 branches of the dungeon, and saw 13 of its levels.
You also visited: Sewer and Gauntlet.

You collected 754 gold pieces.
You spent 91 gold pieces at shops.

Inventory:

Hand Weapons
 a - the +10 arbalest "Kucenlie" (weapon) {penet, rC- Int+2 Dex+9}
   (You found it on level 3 of the Dungeon)

   Any ammunition fired by it passes through the targets it hits, potentially
   hitting all targets in its path until it reaches maximum range.
   Int:       It affects your intelligence (+2).
   Dex:       It affects your dexterity (+9).
   rC:        It makes you vulnerable to cold.
 b - the +8 hand axe "Giant's Foe" {freeze, Fly Int+3 Dex-5}
   (You found it on level 3 of the Dungeon)

   It freezes those it strikes, dealing additional cold damage.
   It can also slow down cold-blooded creatures.
   Int:       It affects your intelligence (+3).
   Dex:       It affects your dexterity (-5).
   Fly:       It grants you flight.
Missiles
 e - 10 javelins
Armour
 y - the +2 robe of Xom's Hope (worn) {rC+ Int+7 Dex-2 SInv}
   (You found it on level 7 of the Dungeon)

   Int:       It affects your intelligence (+7).
   Dex:       It affects your dexterity (-2).
   rC:        It protects you from cold.
   SInv:      It lets you see invisible.
 E - the +0 kite shield "Golonot" (worn) {Drain +Blink Str+4 Int+4}
   (You found it on level 5 of the Dungeon)

   Str:       It affects your strength (+4).
   Int:       It affects your intelligence (+4).
   +Blink:    It lets you blink.
   Drain:     It drains your maximum health when unequipped.
 N - a +0 pair of boots (worn)
 T - a +0 cloak of willpower (worn)
 Y - a +2 robe of willpower
Magical Staves
 p - a staff of poison
 Q - a staff of earth
Jewellery
 n - a ring of wizardry (left hand)
 r - the amulet of Vitality (around neck) {RegenMP++ Regen++}
   (You found it in a Gauntlet)

   [amulet of magic regeneration]

   It increases your rate of magic regeneration.
   Regen:     It increases your rate of health regeneration.
 V - a ring of resist corrosion (right hand)
Wands
 K - a wand of roots (5)
 O - a wand of digging (9)
Scrolls
 k - a scroll of silence {unknown}
 l - 4 scrolls of poison
 s - 2 scrolls of fear {unknown}
 t - 2 scrolls of noise {unknown}
 u - 4 scrolls of enchant weapon {unknown}
 w - 2 scrolls of brand weapon {unknown}
 z - a scroll of identify
 B - 2 scrolls of immolation
 C - 2 scrolls of magic mapping
 D - 2 scrolls of enchant armour {unknown}
 I - 2 scrolls of amnesia {unknown}
 M - 2 scrolls of teleportation {unknown}
 R - a scroll of fog {unknown}
 S - a scroll of summoning {unknown}
Potions
 c - 3 potions of magic
 h - 3 potions of brilliance
 i - 2 potions of mutation {unknown}
 j - 3 potions of curing
 m - 7 potions of heal wounds
 o - 2 potions of flight
 q - 3 potions of resistance {unknown}
 v - a potion of lignification {unknown}
 A - a potion of might {unknown}
 F - a potion of berserk rage {unknown}
 J - a potion of attraction {unknown}
Miscellaneous
 U - a box of beasts
 W - a phial of floods


   Skills:
 * Level 8.3 Fighting
 - Level 6.0 Ranged Weapons
 * Level 8.2 Armour
 * Level 6.2 Dodging
 - Level 2.4 Stealth
 * Level 11.8 Shields
 - Level 7.0 Spellcasting
 - Level 6.0 Conjurations
 * Level 5.6 Necromancy


You had 19 spell levels left.
You knew the following spells:

 Your Spells              Type           Power      Damage    Failure   Level
a - Searing Ray           Conj           100%       2d8       1%          2
c - Magic Dart            Conj           100%       1d8       1%          1
d - Vampiric Draining     Necr           51%        2d9       1%          3

Your spell library contained the following spells:

 Spells                   Type           Power      Damage    Failure   Level
 Necrotise                Necr           100%       1d9       1%          1
 Dazzling Flash           Conj/Hex       66%        N/A       1%          3
 Apportation              Tloc           24%        N/A       2%          1
 Beastly Appendage        Tmut           24%        N/A       2%          1
 Summon Small Mammal      Summ           48%        N/A       2%          1
 Animate Dead             Necr           51%        N/A       2%          4
 Scorch                   Fire           24%        2d6       3%          2
 Wereblood                Tmut           12%        N/A       3%          2
 Call Canine Familiar     Summ           12%        N/A       7%          3
 Spider Form              Tmut/Pois      12%        N/A       7%          3
 Summon Guardian Golem    Hex/Summ       12%        N/A       7%          3
 Flame Wave               Conj/Fire      33%        2d10      7%          4
 Fulminant Prism          Conj/Hex       16%        3d11      7%          4
 Iskenderun's Mystic Bla  Conj/Tloc      33%        2d8       7%          4
 Anguish                  Hex/Necr       15%        N/A       8%          4
 Alistair's Intoxication  Tmut/Pois      8%         N/A       52%         5
 Summon Cactus Giant      Summ           6%         N/A       96%         6


Dungeon Overview and Level Annotations

Branches:
Dungeon (12/15)            Temple (1/1) D:7            Lair (0/5) D:10
    Orc (0/2) D:12          Sewer (visited)         Gauntlet (visited)

Altars:
Ashenzari
Cheibriados
Dithmenos
Elyvilon
Fedhas
Gozag
Hepliaklqana
Kikubaaqudgha
Makhleb
Nemelex Xobeh
Okawaru
Qazlal
Ru
Sif Muna
Trog
Uskayaw
Vehumet
Wu Jian
Xom
Yredelemnul
Zin
The Shining One

Shops:
D:4 *   D:6 =

Annotations:
D:4 2 transporters
D:7 3 runed translucent doors, raetorn's ghost, novice DjHW
D:11 2 transporters, lis82's ghost, journeyman DgHW


Innate Abilities, Weirdness & Mutations

You cannot be hasted, slowed, berserked, paralysed or teleported.
You can dig through walls and to a lower floor.
You have a pair of large antennae on your head. (SInv)
Your four strong arms can wield two-handed weapons with a shield.


Message History

The bolt pierces through the four-headed hydra!
The four-headed hydra is moderately wounded.
You block the five-headed hydra's attack. x2
The five-headed hydra bites you!
You block the five-headed hydra's attack.
The five-headed hydra bites you!
The five-headed hydra closely misses you.
The five-headed hydra bites you but does no damage.
You block the five-headed hydra's attack.
The five-headed hydra barely misses you.
The five-headed hydra bites you but does no damage.
Fire: a) +10 arbalest "Kucenlie" {penet, rC- Int+2 Dex+9}
Press: ? - help, Q - select action, (/) - cycle Shift-Dir - straight line, f/p - four-headed hydra
Aim: a four-headed hydra (moderately wounded, 85% to hit)
You shoot a bolt.
The bolt pierces through the five-headed hydra!!
You kill the five-headed hydra!
Kikubaaqudgha accepts your kill.
The bolt pierces through the four-headed hydra!
The four-headed hydra is heavily wounded.
The four-headed hydra bites you but does no damage.
You block the four-headed hydra's attack.
The four-headed hydra bites you.
The four-headed hydra closely misses you.
Your life force feels restored.
Fire: a) +10 arbalest "Kucenlie" {penet, rC- Int+2 Dex+9}
Press: ? - help, Q - select action, (/) - cycle Shift-Dir - straight line, f/p - four-headed hydra
Aim: a four-headed hydra (heavily wounded, 85% to hit)
Okay, then.
Casting: Searing Ray (safe; 1% risk of failure)
Confirm with . or Enter, or press ? or * to list all spells.
Aiming: Vampiric Draining (safe; 1% risk of failure)
Press: ? - help, Shift-Dir - straight line, f/p - four-headed hydra
Aim: a four-headed hydra (heavily wounded)
You draw life force from the four-headed hydra.
You feel life coursing into your body. The four-headed hydra bites you.
The four-headed hydra bites you!
You die...
Kikubaaqudgha rasps: "You have failed me!
Welcome... death!"

....<.... .... .........
... .......<. ...
?[....... .. .........
##.# ......... #..
......... #D# ####+###.
###@# .##.# #...# ##.####
#.### #.. ##.####
##'##### #.....# #.......
#.....# ###>......
####.....######.'.......
..........#......#.......
#####.......#############


You could see a four-headed hydra.

Vanquished Creatures
  A minotaur (Gauntlet)
  A ghost crab (Gauntlet)
  2 hydras
  Erica (D:8)
  3 two-headed ogres (D:10)
  An orange crystal statue (Gauntlet)
  Pikel (D:8)
  2 unseen horrors (D:11)
  A komodo dragon (D:12)
  A kobold demonologist (D:10)
  3 hornets
  Grinder (D:4)
  Sigmund (D:3)
  A vampire (D:11)
  A shadow (D:11)
  7 yaks
  A wraith (D:11)
  2 wyverns
  Eustachio (D:4)
  A basilisk (D:11)
  3 chaos spawn (Gauntlet)
  3 vampire mosquitoes (D:12)
  Grum (D:8)
  3 steam dragons
  A neqoxec (Gauntlet)
  2 acid dragons (D:11)
  Edmund (D:5)
  2 water moccasins
  2 orc warriors
  A sky beast (D:7)
  5 centaurs
  An ogre (D:4)
  2 wolves (D:8)
  A phantom (D:6)
  A kobold brigand (D:10)
  2 bullfrogs (D:6)
  2 scorpions
  3 wights (D:9)
  13 killer bees
  2 howler monkeys (D:8)
  A gnoll bouda (D:9)
  A jelly (D:7)
  2 orc priests
  8 hounds
  Ijyb (D:3)
  4 iguanas
  8 orc wizards
  9 adders
  11 gnolls
  A white imp (D:5)
  An ufetubus (D:5)
  2 worms (D:3)
  2 dart slugs
  22 orcs
  3 ball pythons
  7 bats
  10 endoplasms
  2 giant cockroaches
  5 goblins
  7 hobgoblins
  9 jackals
  16 kobolds
  A quokka (D:5)
  5 frilled lizards
  4 rats
226 creatures vanquished.

Notes
Turn   | Place    | Note
-------+----------+-------------------------------------------
     0 | D:1      | DildoBatman the Formicid Conjurer began the quest for the
                  | Orb.
     0 | D:1      | Reached XP level 1. HP: 13/13 MP: 3/3
   156 | D:1      | Found a faded altar of an unknown god.
   173 | D:1      | Reached XP level 2. HP: 20/20 MP: 5/5
   176 | D:1      | Learned a level 2 spell: Searing Ray
   416 | D:1      | Reached skill level 1 in Fighting
   421 | D:1      | Reached skill level 1 in Armour
   425 | D:1      | Reached XP level 3. HP: 21/26 MP: 1/6
   714 | D:2      | Reached XP level 4. HP: 30/32 MP: 2/8
  1404 | D:3      | Reached XP level 5. HP: 38/38 MP: 2/9
  1530 | D:3      | Identified the +8 hand axe "Giant's Foe" {freeze, Fly Int+3
                  | Dex-5}
  1607 | D:3      | Found a glowing drain.
  1735 | Sewer    | Entered a sewer
  1831 | Sewer    | Noticed a water moccasin
  1841 | Sewer    | Killed a water moccasin
  1842 | Sewer    | Reached XP level 6. HP: 33/46 MP: 2/11
  2084 | D:3      | Found a hide-covered altar of Uskayaw.
  2085 | D:3      | Found a broken altar of Ashenzari.
  2086 | D:3      | Found a radiant altar of Vehumet.
  2087 | D:3      | Found an opulent altar of Gozag.
  2165 | D:3      | Noticed Sigmund
  2683 | D:4      | Found a transporter.
  2755 | D:4      | Found a transporter.
  2766 | D:4      | Noticed Eustachio
  2766 | D:4      | Noticed an ogre
  2830 | D:4      | Reached XP level 7. HP: 36/52 MP: 6/13
  2832 | D:4      | Reached skill level 5 in Conjurations
  2972 | D:4      | Found Vobbabb's General Store.
  2978 | D:4      | Bought a potion of curing for 39 gold pieces
  2978 | D:4      | Bought a scroll of immolation for 52 gold pieces
  3007 | D:4      | Noticed Ijyb
  3067 | D:4      | Noticed Grinder
  3451 | D:5      | Entered Level 5 of the Dungeon
  3476 | D:5      | Noticed Edmund
  3532 | D:5      | Identified the +0 kite shield "Golonot" {Drain +Blink Str+4
                  | Int+4}
  3536 | D:5      | Reached skill level 5 in Spellcasting
  3550 | D:5      | Reached skill level 1 in Shields
  3596 | D:5      | Reached skill level 2 in Shields
  3697 | D:5      | Reached skill level 3 in Shields
  3697 | D:5      | Reached XP level 8. HP: 40/58 MP: 9/15
  3764 | D:5      | Reached skill level 4 in Shields
  4074 | D:5      | Reached skill level 5 in Shields
  4277 | D:5      | Reached skill level 6 in Shields
  4449 | D:6      | Reached skill level 7 in Shields
  4452 | D:6      | Reached skill level 8 in Shields
  4544 | D:6      | Found Testrites's Jewellery Boutique.
  4614 | D:7      | Noticed a hornet
  4621 | D:7      | Killed a hornet
  4622 | D:7      | Reached skill level 9 in Shields
  4622 | D:7      | Reached XP level 9. HP: 7/63 MP: 8/16
  4915 | D:7      | Found a staircase to the Ecumenical Temple.
  4924 | Temple   | Entered the Ecumenical Temple
  5097 | Temple   | Became a worshipper of Kikubaaqudgha
  5340 | D:3      | Found a bloodstained altar of Trog.
  5352 | D:3      | Killed Sigmund
  5359 | D:3      | Identified the +10 arbalest "Kucenlie" {penet, rC- Int+2
                  | Dex+9}
  5392 | D:3      | Killed Ijyb
  5515 | D:4      | Killed Eustachio
  5525 | D:4      | Reached skill level 1 in Ranged Weapons
  5532 | D:4      | Killed Grinder
  5792 | D:5      | Killed Edmund
  6326 | D:7      | Noticed raetorn's ghost (novice DjHW)
  6379 | D:7      | Found a runed translucent gate.
  6379 | D:7      | Found a runed translucent gate.
  6379 | D:7      | Found a runed translucent gate.
  6478 | D:7      | Identified the +2 robe of Xom's Hope {rC+ Int+7 Dex-2 SInv}
  6775 | D:8      | Reached skill level 5 in Armour
  6775 | D:8      | Reached XP level 10. HP: 73/73 MP: 15/19
  6785 | D:8      | Noticed Erica
  6786 | D:8      | Noticed Pikel
  6792 | D:8      | Killed Erica
  6793 | D:8      | Reached skill level 5 in Fighting
  6795 | D:8      | Killed Pikel
  6796 | D:8      | Reached skill level 5 in Ranged Weapons
  6898 | D:8      | Noticed Grum
  6904 | D:8      | Killed Grum
  7029 | D:8      | Reached * piety under Kikubaaqudgha
  7029 | D:8      | Received a gift from Kikubaaqudgha
  7034 | D:8      | Learned a level 3 spell: Vampiric Draining
  7161 | D:8      | Reached skill level 1 in Necromancy
  7841 | D:9      | Reached XP level 11. HP: 81/81 MP: 21/21
  8185 | D:10     | Entered Level 10 of the Dungeon
  8186 | D:10     | Noticed a two-headed ogre
  8195 | D:10     | Killed a two-headed ogre
  8196 | D:10     | Reached skill level 10 in Shields
  8214 | D:10     | Reached ** piety under Kikubaaqudgha
  8485 | D:10     | Noticed a two-headed ogre
  8499 | D:10     | Killed a two-headed ogre
  8587 | D:10     | Noticed a two-headed ogre
  8590 | D:10     | Killed a two-headed ogre
  8591 | D:10     | Reached skill level 5 in Dodging
  8754 | D:10     | Found a staircase to the Lair.
  8892 | D:11     | Noticed a seven-headed hydra
  8900 | D:11     | Killed a seven-headed hydra
  8909 | D:11     | Reached skill level 11 in Shields
  8962 | D:11     | Found a transporter.
  8963 | D:11     | Noticed a tengu warrior
  8964 | D:11     | Noticed a moth of wrath
  8971 | D:11     | Found a bloodstained altar of Trog.
  8978 | D:11     | Found a transporter.
  8989 | D:11     | Found a gate leading to a gauntlet.
  9075 | Gauntlet | Entered a Gauntlet
  9075 | Gauntlet | Found a transporter.
  9075 | Gauntlet | Found a transporter.
  9076 | Gauntlet | Found a transporter.
  9076 | Gauntlet | Noticed a soul eater
  9079 | Gauntlet | Found a transporter.
  9080 | Gauntlet | Found a transporter.
  9081 | Gauntlet | Found a large runed translucent door.
  9082 | Gauntlet | Found a large runed translucent door.
  9083 | Gauntlet | Found a large runed translucent door.
  9083 | Gauntlet | Found a large runed translucent door.
  9083 | Gauntlet | Found a runed translucent door.
  9084 | Gauntlet | Found a large runed translucent door.
  9085 | Gauntlet | Found a large runed translucent door.
  9086 | Gauntlet | Found a large runed translucent door.
  9086 | Gauntlet | Found a large runed translucent door.
  9087 | Gauntlet | Found a runed translucent gate.
  9091 | Gauntlet | Found a transporter.
  9091 | Gauntlet | Noticed a hell hog
  9093 | Gauntlet | Found a transporter.
  9096 | Gauntlet | Noticed a ghost crab
  9099 | Gauntlet | Noticed a hell hog
  9105 | Gauntlet | Found a transporter.
  9105 | Gauntlet | Noticed an orange crystal statue
  9112 | Gauntlet | Found a transporter.
  9129 | Gauntlet | Found a transporter.
  9133 | Gauntlet | Found a transporter.
  9135 | Gauntlet | Found a runed translucent gate.
  9135 | Gauntlet | Found a runed translucent gate.
  9136 | Gauntlet | Found a large runed translucent door.
  9136 | Gauntlet | Found a large runed translucent door.
  9137 | Gauntlet | Found a large runed translucent door.
  9138 | Gauntlet | Found a large runed translucent door.
  9139 | Gauntlet | Found a large runed translucent door.
  9139 | Gauntlet | Found a large runed translucent door.
  9139 | Gauntlet | Found a runed translucent door.
  9140 | Gauntlet | Found a large runed translucent door.
  9141 | Gauntlet | Found a large runed translucent door.
  9143 | Gauntlet | Found a transporter.
  9219 | Gauntlet | Found the amulet of Vitality {RegenMP++ Regen++}
  9291 | Gauntlet | Reached XP level 12. HP: 76/91 MP: 22/22
  9483 | Gauntlet | Killed a ghost crab
  9607 | Gauntlet | Noticed a naga warrior
  9614 | Gauntlet | Noticed a naga warrior
  9615 | Gauntlet | Reached skill level 5 in Necromancy
  9921 | Gauntlet | Noticed a minotaur
  9935 | Gauntlet | Killed a minotaur
 10060 | D:11     | Noticed a two-headed ogre
 10060 | D:11     | Noticed lis82's ghost (journeyman DgHW)
 10075 | D:11     | Noticed a two-headed ogre
 10471 | D:12     | Found a staircase to the Orcish Mines.
 10501 | D:12     | Noticed a five-headed hydra
 10501 | D:12     | Noticed a four-headed hydra
 10509 | D:12     | Killed a five-headed hydra
 10510 | D:12     | Slain by a four-headed hydra

Illustrated notes

Levels and vault maps discovered:
D:1:      erik_arrival_triangle_small, layout_rooms,
          ebering_ecumenical_altar_abandoned
D:2:      layout_basic
D:3:      layout_loops_cross, bloody_trog, mainiacjoe_overflow_alcove_3,
          cheibrodos_sewer_entry_drain, uniq_sigmund
D:4:      gammafunk_steamed_eel, layout_basic, serial_shops, shop_statue,
          uniq_grinder, uniq_ijyb, uniq_eustachio
D:5:      layout_loops_ring, uniq_edmund
D:6:      layout_cave_pools, serial_shops, kennysheep_mini, serial_rivers,
          chequers_serial_rivers_marsh, chequers_serial_rivers_micro_d,
          chequers_serial_rivers_micro_b, chequers_serial_rivers_room_b,
          chequers_serial_rivers_small_b, chequers_serial_rivers_large_b,
          hex_tiny
D:7:      layout_loops_ring, minmay_temple_entry_stoned_glass,
          gammafunk_ghost_icy
D:8:      layout_basic, uniq_pikel, uniq_grum, uniq_erica
D:9:      layout_grid_maze, nicolae_concentric_dashed_squares_wild
D:10:     layout_small_grid, lair_entry_dummy
D:11:     layout_roguey, gammafunk_ghost_wrathful_warriors,
          gauntlet_entry_generic, minmay_checkerbox
D:12:     layout_roguey, orc_0_dummy
Temple:   nicolae_temple_bog_church

Skill      XL: |  1  2  3  4  5  6  7  8  9 10 11 12 |
---------------+-------------------------------------+-----
Dodging        | 2 3 5 6 |  6.2
Fighting       | 1 2 3 4 5 7 8 |  8.3
Armour         | 1 2 3 5 7 8 |  8.2
Conjurations   | 4 5 6 |  6.0
Spellcasting   | 3 4 5 6 7 |  7.0
Shields        | 3 9 11 | 11.8
Ranged Weapons | 2 6 |  6.0
Necromancy     | 2 4 5 |  5.6
Stealth        | |  2.4

Action                   |  1- 3 |  4- 6 |  7- 9 | 10-12 || total
-------------------------+-------+-------+-------+-------++-------
Melee: Rapier            |    14 |       |       |       ||    14
       Whip              |       |    26 |     1 |       ||    27
       Hand axe          |       |    15 |    13 |       ||    28
       Arbalest          |       |       |       |     1 ||     1
 Fire: Arbalest          |       |       |    20 |   174 ||   194
 Cast: Magic Dart        |    38 |    51 |    21 |       ||   110
       Searing Ray       |     1 |    13 |    37 |    19 ||    70
       Vampiric Draining |       |       |       |     7 ||     7
 Abil: Dig               |       |       |     2 |     2 ||     4
  Use: Scroll            |       |     1 |     6 |     2 ||     9
       Potion            |       |       |     1 |     1 ||     2
 Stab: Sleeping          |     1 |       |     1 |       ||     2
Armor: Robe              |     3 |     8 |     3 |    38 ||    52
Dodge: Dodged            |    10 |    27 |    25 |    69 ||   131
Block: Other             |       |       |     4 |       ||     4
       Reflection        |       |       |     2 |     2 ||     4
       Kite shield       |       |       |    14 |   130 ||   144
